 Dungeon Crawl Stone Soup version 0.30-a0-782-ge64f9170bb (webtiles) character file.

Game seed: 860761861465925663

1068 mopl the Vexing (level 8, -2/41 HPs)
             Began as a Deep Elf Enchanter on Mar 6, 2023.
             Succumbed to a goblin's poison
             ... on level 4 of the Dungeon.
             The game lasted 00:09:24 (3978 turns).

mopl the Vexing (Deep Elf Enchanter)                Turns: 3978, Time: 00:09:25

Health: -2/41      AC:  9    Str:  5    XL:     8   Next: 7%
Magic:  5/19       EV: 12    Int: 23    God:
Gold:   205        SH:  0    Dex: 15    Spells: 9/20 levels left

rFire   . . .      SeeInvis .    a - +1 dagger (venom)
rCold   . . .      Faith    .    (no shield)
rNeg    . . .      Spirit   .    z - +2 robe {Will+}
rPois   .          Reflect  .    y - +0 helmet
rElec   .          Harm     .    (no cloak)
rCorr   .          Rampage  .    (no gloves)
Will    +....                    (no boots)
Stlth   +++                      (no amulet)
HPRegen 0.26/turn                d - +4 ring of protection
MPRegen 0.16/turn                (no ring)

@: lethally poisoned (-2 -> -21), very slightly contaminated
A: no striking features
a: no special abilities


You were on level 4 of the Dungeon.
You visited 1 branch of the dungeon, and saw 4 of its levels.
You also visited: Sewer.

You collected 205 gold pieces.

Inventory:

Hand Weapons
 a - a +1 dagger of venom (weapon)
 j - a +0 dagger of speed
 o - a +1 dagger
Missiles
 m - 3 boomerangs
 p - a curare-tipped dart
 s - 12 poisoned darts
 v - 4 javelins
Armour
 y - a +0 helmet (worn)
 z - a +2 robe of willpower (worn)
Jewellery
 d - a +4 ring of protection (left hand)
Wands
 n - a wand of polymorph (6)
Scrolls
 g - a scroll of blinking {unknown}
 h - 2 scrolls of poison {unknown}
 i - 6 scrolls of teleportation
 l - 2 scrolls of identify {unknown}
 r - 2 scrolls of enchant armour {unknown}
 t - a scroll of summoning {unknown}
 u - 2 scrolls of amnesia {unknown}
 w - a scroll of acquirement {unknown}
 x - a scroll of vulnerability {unknown}
 C - a scroll of fog {unknown}
Potions
 b - a potion of attraction {unknown}
 c - 3 potions of invisibility
 e - a potion of might {unknown}
 f - a potion of resistance {unknown}
 k - 2 potions of lignification {unknown}
 q - 3 potions of heal wounds
 A - a potion of mutation {unknown}


   Skills:
 + Level 4.3 Short Blades
 + Level 1.8 Throwing
 - Level 2.4 Dodging
 + Level 6.9 Stealth
 + Level 6.5 Spellcasting
 + Level 7.0 Hexes
 + Level 2.1 Evocations


You had 9 spell levels left.
You knew the following spells:

 Your Spells              Type           Power      Damage    Failure   Level
b - Ensorcelled Hibernat  Hex/Ice        46%        N/A       3%          2
c - Confusing Touch       Hex            39%        N/A       1%          3
d - Tukima's Dance        Hex            39%        N/A       1%          3
f - Dazzling Flash        Conj/Hex       46%        N/A       6%          3

Your spell library contained the following spells:

 Spells                   Type           Power      Damage    Failure   Level
 Sublimation of Blood     Necr           7%         N/A       12%         2
 Gell's Gravitas          Tloc           7%         N/A       24%         3
 Hailstorm                Conj/Ice       7%         3d4       24%         3
 Teleport Other           Tloc           7%         N/A       24%         3
 Ice Form                 Ice/Tmut       7%         N/A       63%         4
 Petrify                  Tmut/Erth      7%         N/A       63%         4
 Irradiate                Conj/Tmut      3%         3d12      92%         5
 Dispersal                Tloc           3%         N/A       100%        6
 Simulacrum               Ice/Necr       3%         N/A       100%        6


Dungeon Overview and Level Annotations

Branches:
Dungeon (4/15)              Sewer (visited)
 Temple: D:4-7

Altars:
Fedhas

Portals:
Abyss: D:3

Annotations:
D:3 2 transporters, phunky83's ghost, amateur MiFi
D:4 1 runed translucent door, hackum's ghost, amateur NaHu


Message History

The goblin no longer looks unusually strong. x2
The helpless goblin fails to defend itself.
You spit the goblin like a pig!!!
You kill the goblin!
* * * LOW HITPOINT WARNING * * *
You feel sick.
You feel better.
The goblin hits you with a +1 dagger of venom.
* * * LOW HITPOINT WARNING * * *
You are lethally poisoned!
Casting: Ensorcelled Hibernation (safe; 3% risk of failure)
Confirm with . or Enter, or press ? or * to list all spells.
Aiming: Ensorcelled Hibernation (safe; 3% risk of failure)
Press: ? - help, Shift-Dir - straight line, f - goblin
Aim: a goblin, wielding a +1 dagger of venom (chance to affect: 72%)
The goblin struggles to resist.
* * * LOW HITPOINT WARNING * * *
You feel very sick.
The goblin no longer looks unusually strong.
The goblin hits you but does no damage.
You are more poisoned.
Casting: Ensorcelled Hibernation (safe; 3% risk of failure)
Confirm with . or Enter, or press ? or * to list all spells.
Aiming: Ensorcelled Hibernation (safe; 3% risk of failure)
Press: ? - help, Shift-Dir - straight line, f/p - goblin
Aim: a goblin, wielding a +1 dagger of venom (chance to affect: 72%)
You miscast Ensorcelled Hibernation.
You are very lightly contaminated with residual magic.
Nothing appears to happen.
* * * LOW HITPOINT WARNING * * *
You feel very sick. The goblin hits you but does no damage.
You are more poisoned.
Casting: Ensorcelled Hibernation (safe; 3% risk of failure)
Confirm with . or Enter, or press ? or * to list all spells.
Aiming: Ensorcelled Hibernation (safe; 3% risk of failure)
Press: ? - help, Shift-Dir - straight line, f/p - goblin
Aim: a goblin, wielding a +1 dagger of venom (chance to affect: 72%)
The goblin looks drowsy...
You die...

...###......#.# #.# #.##
##).###..# #.## #.#
#..[....#####..## ..##
##...##.....<....##
##.###..........)......#
##...#...##.#.#.#....##
####...........gg.##.##
#....#........##g###.#
#.####.####...##@# #.#
#.# #.# #.####.# #.# #.#
#.# #.# #.###.# #.# #.#
#.# #.....# #.# #.# #.#
#.##..# #.# #.# #.#
#.##..# #.# #.# #.#
##.##..# #.####.# #.#
#......# .......# #.#
#..##..#


You could see 3 goblins.

Vanquished Creatures
  Grinder (D:3)
  3 kobold brigands (Sewer)
  A scorpion (D:4)
  4 orc priests
  2 jellies (D:4)
  Ijyb (D:3)
  5 orc wizards
  Robin (D:4)
  11 adders
  2 river rats (D:4)
  17 orcs
  7 ball pythons
  9 endoplasms
  4 giant cockroaches
  12 goblins
  7 hobgoblins
  3 quokkas
  6 bats
  2 frilled lizards
  12 kobolds
  8 rats
118 creatures vanquished.

Vanquished Creatures (collateral kills)
  An orc wizard (D:3)
  An orc (D:3)
2 creatures vanquished.

Vanquished Creatures (others)
  A plant (D:4)
1 creature vanquished.

Grand Total: 121 creatures vanquished

Notes
Turn   | Place    | Note
-------+----------+-------------------------------------------
     0 | D:1      | mopl the Deep Elf Enchanter began the quest for the Orb.
     0 | D:1      | Reached XP level 1. HP: 10/10 MP: 6/6
   369 | D:1      | Reached XP level 2. HP: 2/15 MP: 8/8
   428 | D:1      | Learned a level 2 spell: Ensorcelled Hibernation
  1124 | D:2      | Found a faded altar of an unknown god.
  1182 | D:2      | Reached skill level 4 in Stealth
  1436 | D:2      | Reached XP level 3. HP: 19/19 MP: 3/10
  1440 | D:2      | Learned a level 3 spell: Tukima's Dance
  1444 | D:2      | Learned a level 3 spell: Confusing Touch
  1740 | D:3      | Found a transporter.
  1748 | D:3      | Reached skill level 2 in Short Blades
  1759 | D:3      | Noticed Ijyb
  1774 | D:3      | Noticed a small abomination
  1786 | D:2      | Reached XP level 4. HP: 22/24 MP: 5/11
  1865 | D:2      | Reached skill level 4 in Spellcasting
  1963 | D:3      | Reached skill level 5 in Hexes
  1976 | D:3      | Killed Ijyb
  1977 | D:3      | Reached XP level 5. HP: 19/28 MP: 11/13
  2012 | D:1      | Reached skill level 5 in Stealth
  2125 | D:3      | You fall into a shaft and drop 1 floor!
  2133 | D:4      | Found a glowing drain.
  2166 | Sewer    | Entered a sewer
  2221 | Sewer    | Reached skill level 3 in Short Blades
  2221 | Sewer    | Reached skill level 5 in Spellcasting
  2221 | Sewer    | Reached XP level 6. HP: 32/32 MP: 12/15
  2421 | Sewer    | Reached skill level 6 in Hexes
  2477 | Sewer    | Reached skill level 6 in Stealth
  2732 | D:4      | Reached XP level 7. HP: 36/36 MP: 12/17
  2901 | D:4      | Learned a level 3 spell: Dazzling Flash
  3000 | D:3      | HP: 1/36 [something/magic dart (5)]
  3015 | D:3      | Reached skill level 6 in Spellcasting
  3189 | D:3      | Found a transporter.
  3196 | D:3      | Found a one-way gate to the infinite horrors of the Abyss.
  3196 | D:3      | Noticed phunky83's ghost (amateur MiFi)
  3197 | D:3      | Noticed Grinder
  3208 | D:3      | Killed Grinder
  3209 | D:3      | Reached skill level 4 in Short Blades
  3209 | D:3      | Reached skill level 1 in Throwing
  3209 | D:3      | Reached skill level 1 in Evocations
  3240 | D:3      | Noticed an ancient zyme
  3564 | D:4      | Reached skill level 7 in Hexes
  3564 | D:4      | Reached skill level 2 in Evocations
  3564 | D:4      | Reached XP level 8. HP: 41/41 MP: 16/19
  3632 | D:4      | Found a runed translucent door.
  3645 | D:4      | Noticed hackum's ghost (amateur NaHu)
  3679 | D:4      | Noticed Robin
  3760 | D:4      | Found a blossoming altar of Fedhas.
  3969 | D:4      | Killed Robin
  3977 | D:4      | HP: 2/41 [poisoned by a goblin]
  3978 | D:4      | Succumbed to a goblin's poison

Illustrated notes

Levels and vault maps discovered:
D:1:      dpeg_arrival_radiant, layout_basic
D:2:      layout_loops_ring, nicolae_ecumenical_lake_church
D:3:      layout_rooms, gammafunk_ghost_abyssal_escape, uniq_ijyb, uniq_grinder
D:4:      layout_loops_ring, fedhas_ov_isle_minmay, gammafunk_ghost_grave,
          portal_sewer_entry_c, uniq_robin

Skill      XL: |  1  2  3  4  5  6  7 |
---------------+----------------------+-----
Stealth        | 4 5 6 |  6.9
Short Blades   | 2 3 4 |  4.3
Spellcasting   | 4 5 6 |  6.5
Hexes          | 5 6 7 |  7.0
Throwing       | 1 |  1.8
Evocations     | 2 |  2.1
Dodging        | |  2.4

Action                     |  1- 3 |  4- 6 |  7- 9 || total
---------------------------+-------+-------+-------++-------
  Melee: Dagger            |    81 |   106 |   146 ||   333
         Unarmed           |       |    22 |       ||    22
         Punch             |       |       |     1 ||     1
   Cast: Ensorcelled Hiber |    19 |    38 |    23 ||    80
         Confusing Touch   |       |     1 |     1 ||     2
         Tukima's Dance    |       |       |     1 ||     1
    Use: Potion            |       |     3 |     5 ||     8
         Scroll            |       |     1 |       ||     1
   Stab: Sleeping          |    20 |    32 |    16 ||    68
         Distracted        |     1 |       |     1 ||     2
         Confused          |       |       |     3 ||     3
 Armour: Robe              |    36 |    29 |    55 ||   120
         Skin              |       |    47 |       ||    47
  Dodge: Dodged            |    72 |    75 |    48 ||   195

Table legend: (Time is in decaauts)
 A = Elapsed time spent in this place.
 B = Non-inter-level travel time spent in this place.
 C = Inter-level travel time spent in this place.
 D = Time resting spent in this place.
 E = Time spent auto-exploring this place.
 F = Levels seen in this place.
 G = Mean time per level.
                   A        B        C        D        E       F      G
               +--------+--------+--------+--------+--------+-----+--------+
         Total |   3982 |   3894 |     88 |    569 |   2218 |   5 |  796.4 |
       Dungeon |   3370 |   3282 |     88 |    433 |   2043 |   4 |  842.5 |
         Sewer |    611 |    611 |      0 |    136 |    174 |   1 |  611.0 |
               +--------+--------+--------+--------+--------+-----+--------+

Top non-repeatable levels by time:
     D:1: 1127 daAuts
     D:2: 913 daAuts
     D:4: 783 daAuts
   Sewer: 611 daAuts
     D:3: 545 daAuts
